 Dungeon Crawl Stone Soup version 0.30.1-11-g7821555f0a (webtiles) character file.

Game seed: 17471817139400230614

119 SacredBeard the Grave Robber (level 4, -9/32 HPs)
             Began as a Demonspawn Necromancer on Nov 3, 2023.
             Mangled by a mummy (16 damage)
             ... in an ossuary.
             The game lasted 00:07:02 (2288 turns).

SacredBeard the Grave Robber (DsNe)                 Turns: 2288, Time: 00:07:02

Health: -9/32      AC:  4    Str:  8    XL:     4   Next: 73%
Magic:  7/7        EV: 12    Int: 17    God:
Gold:   113        SH:  0    Dex: 15    Spells: 7/8 levels left

rFire   . . .        d - +2 whip (pain)
rCold   . . .        (no shield)
rNeg    . . .        a - +0 robe
rPois   .            (no helmet)
rElec   .            (no cloak)
rCorr   .            j - +0 pair of gloves
SInv    .            (no boots)
Will    .....        (no amulet)
Stlth   ++           (no ring)
HPRegen 0.25/turn    (no ring)
MPRegen 0.10/turn

%: no passive effects
@: marked
A: rugged brown scales 1, demonic touch 1
a: no special abilities


You were in an ossuary.
You visited 1 branch of the dungeon, and saw 4 of its levels.
You also visited: Ossuary.

You collected 113 gold pieces.

Inventory:

Hand Weapons
 d - a +2 whip of pain (weapon)
Armour
 a - a +0 robe (worn)
 j - a +0 pair of gloves (worn)
Scrolls
 c - a scroll of enchant armour {unknown}
 f - 2 scrolls of identify {unknown}
 h - a scroll of enchant weapon {unknown}
 k - a scroll of amnesia {unknown}
 l - a scroll of noise {unknown}
 n - a scroll of blinking {unknown}
 o - a scroll of immolation {unknown}
Potions
 b - 2 potions of magic
 e - a potion of flight {unknown}
 g - a potion of mutation {unknown}
 i - a potion of berserk rage {unknown}
 m - 3 potions of degeneration {unknown}
 p - a potion of curing {unknown}


   Skills:
 + Level 1.5 Fighting
 + Level 1.2 Armour
 + Level 2.5 Dodging
 + Level 2.5 Stealth
 + Level 2.6 Spellcasting
 + Level 4.7 Necromancy


You had 7 spell levels left.
You knew the following spells:

 Your Spells              Type           Power      Damage    Failure   Level
a - Necrotise             Necr           72%        1d7       2%          1

Your spell library contained the following spells:

 Spells                   Type           Power      Damage    Failure   Level
 Sublimation of Blood     Necr           18%        N/A       3%          2
 Vampiric Draining        Necr           18%        2d7       8%          3
 Animate Dead             Necr           18%        N/A       26%         4
 Agony                    Necr           18%        N/A       56%         5
 Petrify                  Tmut/Erth      2%         N/A       88%         4
 Irradiate                Conj/Tmut      1%         3d12      99%         5


Dungeon Overview and Level Annotations

Branches:
Dungeon (4/15) Zot: 21832 Ossuary (1/1) Zot: 5871
 Temple: D:4-7

Altars:
Fedhas

Annotations:
D:3 Sigmund


Innate Abilities, Weirdness & Mutations

You are partially covered in rugged brown scales. (AC +1, +3% HP)
Your touch may inflict minor irresistible damage on your foes.


Message History

The kobold zombie is heavily damaged.
The kobold zombie misses you.
The hobgoblin zombie hits you but does no damage.
You hit the kobold zombie.
You destroy the kobold zombie!
The hobgoblin zombie hits you.
You hit the adder zombie.
The adder zombie is moderately damaged.
The adder zombie bites you but does no damage.
The hobgoblin zombie barely misses you.
You whack the adder zombie! Your touch misses the adder zombie.
The adder zombie is severely damaged.
The adder zombie bites you.
The hobgoblin zombie hits you but does no damage.
You hit the adder zombie.
You destroy the adder zombie!
The hobgoblin zombie hits you.
You hit the mummy.
The mummy is lightly damaged.
The hobgoblin zombie hits you but does no damage.
The hobgoblin zombie misses you.
You barely miss the mummy.
The mummy is lightly damaged.
The mummy barely misses you. The hobgoblin zombie hits you.
You hit the mummy.
The mummy is lightly damaged.
The hobgoblin zombie barely misses you. The mummy hits you.
You hit the mummy.
The mummy is moderately damaged.
The hobgoblin zombie completely misses you.
The hobgoblin zombie hits you but does no damage.
You whack the mummy!
The mummy is heavily damaged.
The hobgoblin zombie hits you. x2; The mummy hits you.
* * * LOW HITPOINT WARNING * * *
You hit the mummy but do no damage.
You touch the mummy!
The mummy is almost destroyed.
The hobgoblin zombie misses you. The mummy hits you!
Ouch! That really hurt!
You die...

#...# #...# ....
#...# .... #...#
... #...# #.^
#...# #^^ #...#
#.. #...#
#####..######@..#
..........ZZMZMZ#
....8..8...ZZZ..#
.............Z..#
................#
#################


You could see 2 mummies, a goblin zombie, 4 hobgoblin zombies, 2 kobold zombies
and an orc zombie.

Vanquished Creatures
  A sleepcap (D:4)
  2 adders
  An adder zombie (Ossuary)
  A worm (D:2)
  3 dart slugs
  2 ball pythons (D:2)
  5 endoplasms
  2 giant cockroaches
  9 goblins
  3 hobgoblins
  6 kobolds
  3 quokkas
  2 bats
  2 frilled lizards (D:2)
  11 hobgoblin zombies (Ossuary)
  A jackal zombie (Ossuary)
  7 kobold zombies (Ossuary)
  3 orc zombies (Ossuary)
  2 rats (D:2)
66 creatures vanquished.

Notes
Turn   | Place    | Note
-------+----------+-------------------------------------------
     0 | D:1      | SacredBeard the Demonspawn Necromancer began the quest for
                  | the Orb.
     0 | D:1      | Reached XP level 1. HP: 13/13 MP: 3/3
   281 | D:1      | Gained mutation: Your touch may inflict minor irresistible
                  | damage on your foes. [demonic ancestry]
   281 | D:1      | Reached XP level 2. HP: 20/20 MP: 3/5
  1034 | D:2      | Reached skill level 1 in Fighting
  1169 | D:2      | Reached XP level 3. HP: 26/26 MP: 0/6
  1764 | D:3      | Reached skill level 1 in Armour
  1905 | D:3      | Found a blossoming altar of Fedhas.
  1965 | D:3      | Gained mutation: You are partially covered in rugged brown
                  | scales. (AC +1, +3% HP) [demonic ancestry]
  1965 | D:3      | Reached XP level 4. HP: 26/32 MP: 5/7
  2072 | D:3      | Noticed Sigmund
  2160 | D:4      | Found a sand-covered staircase.
  2166 | Ossuary  | Entered an ossuary
  2288 | Ossuary  | Mangled by a mummy

Illustrated notes

Levels and vault maps discovered:
D:1:      matt_arrival_spirals, layout_rooms
D:2:      layout_basic
D:3:      layout_loops_cross, fedhas_altar_4, minmay_misc_feat_diagonals,
          uniq_sigmund, uniq_ijyb
D:4:      dreamdust_elfheim, layout_loops_corners, mainiacjoe_overflow_chevrons,
          nicolae_ru_great_annihilating_truth, enter_ossuary_5,
          minmay_starry_boxes
Ossuary:  ossuary_tomb_1

Skill      XL: |  1  2  3 |
---------------+----------+-----
Stealth        | 2 |  2.5
Dodging        | 2 |  2.5
Fighting       | 1 |  1.5
Armour         | 1 |  1.2
Spellcasting   | |  2.6
Necromancy     | |  4.7

Action                     |  1- 3 |  4- 6 || total
---------------------------+-------+-------++-------
  Melee: Whip              |    25 |    69 ||    94
         Touch             |     4 |    17 ||    21
   Cast: Necrotise         |    50 |     7 ||    57
 Armour: Robe              |     6 |    20 ||    26
  Dodge: Dodged            |    18 |    42 ||    60
